 Dungeon Crawl Stone Soup version 0.30-b1-2-g02819fbbbe (webtiles) character file.

Game seed: 359790990998121990

2443 redmage the Geomancer (level 10, -12/70 HPs)
             Began as a Meteoran Earth Elementalist on Aug 7, 2023.
             Was an Initiate of Sif Muna.
             Killed by the air
             ... invoked by a wind drake (shapeshifter)
              (18 damage)
             ... on level 8 of the Dungeon.
             The game lasted 00:24:56 (1758 turns).

redmage the Geomancer (Meteoran Earth Elementalist) Turns: 1758, Time: 00:24:57

Health: -12/70     AC:  6    Str: 13    XL:     10   Next: 6%
Magic:  0/22       EV: 12    Int: 21    God:    Sif Muna [......]
Gold:   232        SH:  5    Dex: 15    Spells: 9/24 levels left

rFire   . . .        v - +4 quarterstaff (chaos)
rCold   . . .        (shield currently unavailable)
rNeg    . . .        i - +1 leather armour "Asuavvam" {*Corrode +Inv Str+3 SInv}
rPois   .            (no helmet)
rElec   .            u - +0 cloak
rCorr   .            w - +0 pair of gloves
SInv    +            (no boots)
Will    +....        e - amulet of reflection
Stlth   +            (no ring)
HPRegen 0.31/turn    (no ring)
MPRegen 0.18/turn

%: corrode self (3%), reflection
@: about to teleport, glowing
A: sense surroundings 2, otherworldly, glowing, explore regen
a: Renounce Religion, Evoke Invisibility


You were on level 8 of the Dungeon.
You worshipped Sif Muna.
Sif Muna was noncommittal.
You visited 2 branches of the dungeon, and saw 9 of its levels.
You also visited: Ossuary.

You collected 232 gold pieces.

Inventory:

Hand Weapons
 a - a +4 short sword
 b - a +1 dagger of electrocution
 v - a +4 quarterstaff of chaos (weapon)
Armour
 f - +0 steam dragon scales
 h - a +0 robe
 i - the +1 leather armour "Asuavvam" (worn) {*Corrode +Inv Str+3 SInv}
   (You found it on level 4 of the Dungeon)

   Str:       It affects your strength (+3).
   SInv:      It lets you see invisible.
   +Inv:      It lets you turn invisible.
   *Corrode:  It may corrode you when you take damage.
 u - a +0 cloak (worn)
 w - a +0 pair of gloves (worn)
Jewellery
 e - an amulet of reflection (around neck)
Scrolls
 c - a scroll of teleportation
 j - a scroll of amnesia
 t - a scroll of enchant weapon
Potions
 d - a potion of might
 g - 2 potions of brilliance
 k - 2 potions of haste {unknown}
 l - 3 potions of curing {unknown}
 m - a potion of berserk rage {unknown}
 n - 2 potions of lignification {unknown}
 o - 2 potions of ambrosia {unknown}
 p - 2 potions of resistance {unknown}
 r - 2 potions of attraction {unknown}
 s - 2 potions of mutation {unknown}


   Skills:
 - Level 0.3 Fighting
 - Level 1.3 Armour
 - Level 2.4 Dodging
 - Level 1.4 Stealth
 - Level 7.7 Spellcasting
 + Level 5.4 Conjurations
 - Level 4.8 Translocations
 - Level 1.2 Transmutations
 * Level 2.5 Ice Magic
 * Level 2.8 Air Magic
 - Level 10.1 Earth Magic
 * Level 0.0 Invocations


You had 9 spell levels left.
You knew the following spells:

 Your Spells              Type           Power      Damage    Failure   Level
a - Sandblast             Erth           100%       2d20      1%          1
b - Passwall              Tmut/Erth      26%        N/A       1%          2
c - Stone Arrow           Conj/Erth      80%        3d12      1%          3
d - Freezing Cloud        Conj/Ice/Air   11%        6-21      54%         5
e - Mephitic Cloud        Conj/Pois/Air  19%        N/A       10%         3
q - Apportation           Tloc           56%        N/A       1%          1

Your spell library contained the following spells:

 Spells                   Type           Power      Damage    Failure   Level
 Poisonous Vapours        Pois/Air       28%        N/A       9%          2
 Petrify                  Tmut/Erth      32%        N/A       10%         4
 Sublimation of Blood     Necr           8%         N/A       16%         2
 Irradiate                Conj/Tmut      11%        3d15      58%         5
 Alistair's Intoxication  Tmut/Pois      6%         N/A       92%         5
 Simulacrum               Ice/Necr       6%         N/A       100%        6
 Ozocubu's Refrigeration  Ice            9%         4d9       100%        7
 Polar Vortex             Ice            9%         N/A       100%        9


Dungeon Overview and Level Annotations

Branches:
Dungeon (8/15) Zot: 3208   Temple (1/1) D:7 Zot: 515    Lair (0/5) D:8
Ossuary (visited)

Altars:
Cheibriados
Dithmenos
Gozag
Kikubaaqudgha
Makhleb
Okawaru
Sif Muna
Trog
Vehumet
Xom
Yredelemnul
The Shining One

Shops:
D:1 :

Annotations:
D:4 Duvessa


Innate Abilities, Weirdness & Mutations

You passively map the area around you.
You are easily found by Zot.
You glow in the dark.
You regain HP and MP as you explore.


Message History

Casting: Stone Arrow (safe; 1% risk of failure)
Confirm with . or Enter, or press ? or * to list all spells.
Aiming: Stone Arrow (safe; 1% risk of failure)
Press: ? - help, Shift-Dir - straight line, f/p - wind drake
Aim: a wind drake (almost dead, strong, repelling missiles, catching its breath, 35% to hit)
The stone arrow misses the wind drake.
Unknown command.
Aiming: Charm
Press: ? - help, Shift-Dir - straight line, f/p - wind drake
Aim: a wind drake (almost dead, strong, repelling missiles, catching its breath, chance to affect: 31%)
The wind drake easily resists.
Unknown command.
Aiming: Charm
Press: ? - help, Shift-Dir - straight line, f/p - wind drake
Aim: a wind drake (almost dead, strong, repelling missiles, chance to affect: 31%)
The wind drake easily resists.
The now-empty wand crumbles to dust.
You block the wind drake's attack.
A deep elf pyromancer comes into view. It is wielding a +0 short sword.
As you read the scroll of teleportation, it crumbles to dust.
You feel strangely unstable.
The deep elf pyromancer shouts!
The wind drake bites you!
* * * LOW HITPOINT WARNING * * *
The deep elf pyromancer casts a spell.
The deep elf pyromancer blinks!
Unknown command.
Unknown command.
Unknown command.
Casting: Stone Arrow (safe; 1% risk of failure)
Confirm with . or Enter, or press ? or * to list all spells.
Aiming: Sandblast (safe; 1% risk of failure)
Press: ? - help, Shift-Dir - straight line, f/p - wind drake
Aim: a wind drake (almost dead, strong, repelling missiles, 57% to hit)
The blast of sand hits the wind drake but does no damage.
The wind drake is almost dead.
The wind drake exhales a fierce blast of wind!
You are knocked back by the gust of wind.
The wind drake flaps its wings at you. The air twists around and strikes you!!
You die...

, ,, , > , , ,
, , ,
,.......# , ,
,,, , .......+
, , , ,
,......#, , ~
,, * * #.....#
, , , *
#.....#,, * ,
, , * #..$..#,
,, , , ~ *
#.....#, , , ~
~~ * #.@...# ,
,, , **
#.....# ,# * ,
#.)...#, ,.# ,
, *, ,#.k...#
..# ,,, ,,
,#.....#, ...#
* ,,,#.z...#
....# , * , ,
#...†.#.....#,
,, *>* *
#............
, ,,,
#..)#########


You could see a wind drake (strong, repels missiles, catching breath) and a
wight.

Vanquished Creatures
  A hornet (D:7)
  A wyvern (D:7)
  A wraith (D:8)
  A steam dragon (D:8)
  Menkaure (D:6)
  A black bear (D:6)
  2 orc warriors
  An ogre (D:6)
  2 phantoms
  A bullfrog (D:8)
  4 scorpions
  6 wights
  3 hounds
  2 orc priests (D:6)
  A jelly (D:4)
  Crazy Yiuf (D:6)
  A sleepcap (D:6)
  3 iguanas
  4 orc wizards
  2 mummies (Ossuary)
  6 adders
  An ufetubus (D:5)
  An adder zombie (Ossuary)
  A worm (D:2)
  26 orcs
  A ball python (D:4)
  5 giant cockroaches
  2 gnoll zombies (Ossuary)
  3 goblins
  A quokka (D:5)
  4 hobgoblin zombies (Ossuary)
  3 kobolds (D:1)
  3 kobold zombies (Ossuary)
  7 orc zombies (Ossuary)
  2 rats (D:3)
105 creatures vanquished.

Vanquished Creatures (collateral kills)
  A wight (D:8)
1 creature vanquished.

Grand Total: 106 creatures vanquished

Notes
Turn   | Place    | Note
-------+----------+-------------------------------------------
     0 | D:1      | redmage the Meteoran Earth Elementalist began the quest for
                  | the Orb.
     0 | D:1      | Reached XP level 1. HP: 14/14 MP: 5/5
    52 | D:1      | Found Lyoderr's Book Emporium.
    80 | D:2      | Reached skill level 4 in Earth Magic
    80 | D:2      | Reached XP level 2. HP: 20/20 MP: 4/6
   110 | D:1      | Reached XP level 3. HP: 26/26 MP: 5/8
   113 | D:1      | Learned a level 2 spell: Passwall
   117 | D:1      | Learned a level 3 spell: Stone Arrow
   248 | D:5      | Entered Level 5 of the Dungeon
   248 | D:5      | Noticed a scorpion
   259 | D:5      | Killed a scorpion
   260 | D:5      | Reached skill level 5 in Earth Magic
   260 | D:5      | Reached XP level 4. HP: 14/33 MP: 0/9
   260 | D:5      | Reached XP level 5. HP: 17/38 MP: 0/10
   339 | D:4      | Reached skill level 6 in Earth Magic
   341 | D:4      | Reached XP level 6. HP: 45/45 MP: 1/11
   362 | D:4      | Reached skill level 7 in Earth Magic
   400 | D:4      | Noticed Duvessa
   425 | D:4      | Identified the +1 leather armour "Asuavvam" {*Corrode +Inv
                  | Str+3 SInv}
   678 | D:5      | Reached XP level 7. HP: 50/50 MP: 9/12
   735 | D:5      | Reached skill level 8 in Earth Magic
   857 | D:7      | Found an iron altar of Okawaru.
   890 | D:6      | Noticed Menkaure
   892 | D:6      | Killed Menkaure
   893 | D:6      | Reached skill level 9 in Earth Magic
   893 | D:6      | Reached XP level 8. HP: 30/57 MP: 6/13
   939 | D:6      | Reached skill level 1 in Armour
   948 | D:6      | Reached skill level 5 in Conjurations
   948 | D:6      | Reached skill level 10 in Earth Magic
   969 | D:5      | Learned a level 1 spell: Apportation
  1059 | D:6      | Reached skill level 1 in Translocations
  1061 | D:6      | Found a sand-covered staircase.
  1071 | Ossuary  | Entered an ossuary
  1279 | D:6      | Found an opulent altar of Gozag.
  1291 | D:6      | Gained mutation: You passively map the area around you.
                  | [Meteoran growth]
  1291 | D:6      | Reached XP level 9. HP: 63/63 MP: 12/16
  1315 | D:6      | Reached skill level 5 in Spellcasting
  1326 | D:6      | Found a runed translucent door.
  1327 | D:6      | Noticed Crazy Yiuf
  1331 | D:6      | Killed Crazy Yiuf
  1524 | D:8      | Found a staircase to the Lair.
  1533 | D:7      | Noticed a hornet
  1538 | D:7      | Killed a hornet
  1591 | D:7      | Found a staircase to the Ecumenical Temple.
  1602 | Temple   | Entered the Ecumenical Temple
  1644 | Temple   | Became a worshipper of Sif Muna the Loreminder
  1704 | D:7      | Learned a level 5 spell: Freezing Cloud
  1708 | D:7      | Learned a level 3 spell: Mephitic Cloud
  1720 | D:8      | Reached skill level 1 in Ice Magic
  1720 | D:8      | Reached skill level 1 in Air Magic
  1725 | D:8      | Reached XP level 10. HP: 36/70 MP: 5/22
  1755 | D:8      | Noticed a deep elf pyromancer
  1758 | D:8      | Killed from afar by a wind drake (shapeshifter)

Illustrated notes

Levels and vault maps discovered:
D:1:      elethiomel_arrival_quiet, layout_basic, serial_shops, shop
D:2:      layout_rooms, basic_altar, nicolae_concentric_dashed_squares_mild,
          kennysheep_generic_room_5
D:3:      kennysheep_the_goblin_king, layout_rooms, minitemple, uniq_ijyb,
          uniq_sigmund
D:4:      layout_gridville, uniq_duvessa
D:5:      layout_basic, corexii_corridor_pit
D:6:      layout_loops_cross, grunt_gozag_statues, enter_ossuary_1,
          uniq_crazy_yiuf_cottage, uniq_menkaure
D:7:      layout_loops_ring, okawaru_gym_becter,
          minmay_temple_entry_glassed_door, kennysheep_pointless_box
D:8:      minmay_curly_fans, layout_gridville, mainiacjoe_overflow_catwalk,
          david_lair_generic
Temple:   jpeg_temple_clearing

Skill      XL: |  1  2  3  4  5  6  7  8  9 |
---------------+----------------------------+-----
Earth Magic    | 4 5 6 7 9 10 | 10.1
Spellcasting   | 3 4 7 |  7.7
Conjurations   | 2 3 4 5 |  5.4
Armour         | 1 |  1.3
Translocations | 1 4 |  4.8
Ice Magic      | 2 |  2.5
Air Magic      | 2 |  2.8
Fighting       | |  0.3
Dodging        | |  2.4
Stealth        | |  1.4
Transmutations | |  1.2

Action                     |  1- 3 |  4- 6 |  7- 9 | 10-12 || total
---------------------------+-------+-------+-------+-------++-------
  Melee: Unarmed           |     1 |     1 |       |       ||     2
         Short sword       |       |       |     1 |       ||     1
         Quarterstaff      |       |       |     1 |     1 ||     2
   Cast: Sandblast         |    19 |    26 |    75 |     1 ||   121
         Stone Arrow       |     1 |     2 |    40 |     5 ||    48
         Passwall          |       |     9 |    19 |       ||    28
  Evoke: Wand              |       |       |       |     3 ||     3
    Use: Scroll            |     2 |       |     6 |     1 ||     9
         Potion            |     1 |       |     1 |       ||     2
 Armour: Robe              |     5 |     1 |       |       ||     6
         Leather armour    |       |       |    10 |       ||    10
  Dodge: Dodged            |     4 |     5 |    15 |     1 ||    25
  Block: Other             |       |       |     8 |     5 ||    13
